Description

A Safe 2 Hatch Mutalisk Opener that transitions well into Ling Baneling Mutalisk.

We use a high Mutalisk Count with a low Ling Baneling Count in the Mid Game to take good fights.

VOD

https://www.youtube.com/watch?v=mp15qoiDRzM

Replay - 2017-03-15 - (Z)Railgan VS (T)SingeGaga

Build Order

Get SALT Encoding   

  12  0:01  Drone  
  13  0:13  Overlord  
  13  0:17  Drone  
  14  0:31  Drone x3  
  17  0:45  Drone  
  18  0:50  Spawning Pool  
  18  0:56  Drone  
  18  1:11  Hatchery  
  18  1:12  Extractor  
  18  1:16  Drone x2  
  18  1:36  Queen  
  18  1:37  Zergling x2  
  18  1:39  Drone  
  22  1:49  Overlord  
  23  2:13  Queen  
  25  2:18  Metabolic Boost  
  27  2:24  Queen  
  34  2:52  Overlord  
  35  3:05  Lair  
  37  3:13  Zergling x4  
  41  3:20  Extractor  
  41  3:22  Evolution Chamber  
  39  3:30  Zergling x4  
  42  3:46  Overlord  
  43  3:54  Overlord  
  43  3:55  Extractor x2  
  48  4:13  Spire  
  48  4:16  Zergling x4  
  46  4:29  Baneling Nest, Queen x2  
  52  4:32  Zergling x6  
  57  4:45  Overseer  
  58  5:24  Mutalisk x5  
  58  5:37  Mutalisk  
  68  6:06  Zerg Melee Weapons Level 1  
  68  6:07  Hatchery  
  68  6:08  Zerg Flyer Weapons Level 1, Evolution Chamber  
  66  6:11  Centrifical Hooks  
  74  6:33  Zerg Ground Armor Level 1  
  75  6:49  Baneling x7  
  79  7:06  Mutalisk x2  
  84  7:19  Queen  
  93  7:35  Mutalisk x2  
  97  7:46  Pneumatized Carapace  
  98  7:54  Extractor x2  
  109  8:13  Baneling x3  
  116  8:44  Hatchery  
  116  8:47  Zerg Melee Weapons Level 2  
  122  8:52  Zerg Ground Armor Level 2  
  122  8:53  Overseer  
  126  9:45  Zerg Flyer Weapons Level 2  
Spawning Tool Build Advisor. Get it on Overwolf

Go to:

Details

  • Created by: railgan      
  • Published on: Mar 26, 2017
  • Modified on: Apr 03, 2017
  • Patch: 3.8.0
Show
View Real Time Build Order
Export as new Build Order

Comments (0)

There are no comments. Be the first!

Create an account to comment!